 Dungeon Crawl Stone Soup version 0.22-a0-785-g6253c82ace (webtiles) character file.

120 Htamos the Ducker (level 4, 0/22 HPs)
             Began as a Felid Monk on July 20, 2018.
             Was a Believer of Vehumet.
             Slain by a centaur (3 damage)
             ... on level 3 of the Dungeon.
             The game lasted 00:03:49 (3060 turns).

Htamos the Ducker (Felid Monk)                      Turns: 3060, Time: 00:03:50

Health: 0/22       AC:  1    Str:  7    XL:     4   Next: 75%
Magic:  5/5        EV: 21    Int: 11    God:    Vehumet [**....]
Gold:   106        SH:  0    Dex: 19    Spells: 3/3 levels left
                                        Lives:  0   Deaths: 1

rFire    . . .     SeeInvis +     - Unarmed
rCold    . . .     Gourm    .   (shield unavailable)
rNeg     . . .     Faith    .   (armour unavailable)
rPois    .         Spirit   .   (helmet unavailable)
rElec    .         Reflect  .   (cloak unavailable)
rCorr    .         Harm     .   (gloves unavailable)
MR       .....                  (boots unavailable)
Stlth    +++.......             (no amulet)
HPRegen  0.07/turn              (no ring)
MPRegen  0.09/turn              (no ring)

@: quick
A: very small, no armour, no weapons or thrown items, stealth, claws 1, fangs 3,
see invisible, carnivore, speed 1, shaggy fur 1, slow metabolism 1, sharp paws
a: Renounce Religion


You were on level 3 of the Dungeon.
You worshipped Vehumet.
Vehumet was pleased with you.
You were completely stuffed.

You visited 1 branch of the dungeon, and saw 3 of its levels.

You collected 106 gold pieces.

Inventory:

Scrolls
 b - 2 scrolls of remove curse {unknown}
 d - 3 scrolls of identify {unknown}
 f - a scroll of enchant armour {unknown}
 g - a scroll of enchant weapon {unknown}
 h - 2 scrolls of teleportation {unknown}
 j - a scroll of amnesia {unknown}
 k - a scroll of fog {unknown}
 m - a scroll of magic mapping {unknown}
Potions
 c - 2 potions of berserk rage
 e - 2 potions of resistance {unknown}
 i - a potion of curing {unknown}
 n - a potion of haste
Comestibles
 a - 7 rations


   Skills:
 * Level 4.5 Fighting
 + Level 5.1 Dodging
 + Level 4.2 Stealth
 + Level 3.7 Unarmed Combat


You had 3 spell levels left.
You didn't know any spells.
Your spell library was empty.

Dungeon Overview and Level Annotations

Branches:
Dungeon (3/15)

Altars:
Fedhas
Trog
Vehumet


Innate Abilities, Weirdness & Mutations

You cannot wear armour.
You are incapable of wielding weapons or throwing items.
Your paws allow you to move quietly. (Stealth)
You have sharp claws.
You have razor-sharp teeth.
You have supernaturally acute eyesight. (SInv)
You are carnivorous and can eat meat at any time.
You cover ground quickly.
You are covered in fur. (AC +1)
You have a slow metabolism.
Your sharp claws are effective at attacking unaware monsters.


Message History

The centaur is moderately wounded.
The centaur completely misses you.
You closely miss the centaur.
The centaur is moderately wounded.
The centaur completely misses you. The centaur closely misses you.
You closely miss the centaur.
The centaur is moderately wounded.
The centaur misses you.
You barely miss the centaur.
The centaur is moderately wounded.
The centaur hits you!
* * * LOW HITPOINT WARNING * * *
The centaur misses you.
You barely miss the centaur.
The centaur is moderately wounded.
The centaur closely misses you.
You scratch the centaur.
The centaur is heavily wounded.
The centaur hits you.
You die...

.####.####.#######.##.#
.........##.######.##.#
#########.#........##.#
#.##..#######.# #.##..#
#####.# #.##..# #.....#
#.##..# #.##..#
#.##..###.##..#####
#.....).@#..c..(...#
####..###c###..###.#
#.....S.....#
#...........#
#############.(...###..#
..............##..# ..#
##########.####...# ..#
#.# #..## #.# #..


You could see a centaur and an adder.

Vanquished Creatures
  A scorpion (D:3)
  A jelly (D:3)
  An iguana (D:2)
  An adder (D:2)
  An ooze (D:2)
  A worm (D:2)
  A dart slug (D:3)
  2 leopard geckos
  An orc (D:3)
  6 bats
  A giant cockroach (D:1)
  8 goblins
  7 hobgoblins
  4 jackals
  A ball python (D:1)
  3 frilled lizards
  9 kobolds
  14 rats
63 creatures vanquished.

Vanquished Creatures (others)
  A wizard (D:3)
1 creature vanquished.

Grand Total: 64 creatures vanquished

Notes
Turn   | Place    | Note
-------+----------+-------------------------------------------
     0 | D:1      | Htamos the Felid Monk began the quest for the Orb.
     0 | D:1      | Reached XP level 1. HP: 10/10 MP: 2/2
   359 | D:1      | Reached XP level 2. HP: 6/14 MP: 3/3
  1516 | D:2      | Found a blossoming altar of Fedhas.
  1529 | D:2      | Reached XP level 3. HP: 17/17 MP: 4/4
  1808 | D:2      | Found a radiant altar of Vehumet.
  1917 | D:2      | Became a worshipper of Vehumet
  1917 | D:2      | Reached * piety under Vehumet
  1917 | D:2      | Offered knowledge of Flame Tongue by Vehumet.
  1917 | D:2      | Reached ** piety under Vehumet
  2141 | D:2      | Reached XP level 4. HP: 8/22 MP: 5/5
  2378 | D:3      | Offered knowledge of Shock by Vehumet.
  2590 | D:3      | Noticed a centaur
  2592 | D:3      | Shot with an arrow by a centaur
  2593 | D:3      | Reached XP level 3. HP: -1/18 MP: 4/4
  2608 | D:3      | Noticed a scorpion
  2619 | D:3      | Killed a scorpion
  2619 | D:3      | Reached skill level 5 in Dodging
  2619 | D:3      | Reached XP level 4. HP: 22/22 MP: 5/5
  2675 | D:3      | Found a bloodstained altar of Trog.
  2677 | D:3      | Noticed a wizard
  2683 | D:3      | Killed a wizard
  2746 | D:3      | Offered knowledge of Inner Flame by Vehumet.
  3060 | D:3      | Slain by a centaur

Vault maps used:
D:1:      onia_arrival_pyramid
D:2:      old_standard_altar, lemuel_round_altar, minmay_rat_gold_closets
D:3:      elyvilon_altar_5, amethyst_killhole, trog_wizard

Skill      XL: |  1  2  3  4 |
---------------+-------------+-----
Stealth        | 3 4 |  4.2
Fighting       | 4 |  4.5
Dodging        | 5 |  5.1
Unarmed Combat | |  3.7

Action                   |  1- 3 |  4- 6 || total
-------------------------+-------+-------++-------
Melee: Unarmed           |   111 |    75 ||   186
       Bite              |    13 |     6 ||    19
  Use: Potion            |     1 |       ||     1
 Stab: Sleeping          |    13 |     1 ||    14
  Eat: Chunk             |    13 |     4 ||    17
Armor: Skin              |     5 |     4 ||     9
Dodge: Dodged            |    64 |    80 ||   144

Table legend:
 A = Spawn XP
 B = Non-spawn XP
 C = Spawn XP percentage of total XP
 D = Spawn monster count
 E = Non-spawn monster count
 F = Spawn count percentage of total count
 G = Total turns spent on level
                    A         B        C        D         E        F      G
               +---------+---------+-------+---------+---------+-------+---------
         Total |       0 |     262 |   0.0 |       0 |      63 |   0.0 |  3060
               +---------+---------+-------+---------+---------+-------+---------
           D:1 |       0 |      33 |   0.0 |       0 |      21 |   0.0 |  1224
           D:2 |       0 |      88 |   0.0 |       0 |      22 |   0.0 |  1147
           D:3 |       0 |     141 |   0.0 |       0 |      20 |   0.0 |   689
               +---------+---------+-------+---------+---------+-------+---------
